General information
- name: BNet
- type: Ladder team game (AT/RT)
- host: Battle.net
- saver: STRASSENJUNGE
map: Slalom
- players: 8
- length: 18:10
- speed: Fast
- version: 1.24 W3XP
- replay type: Public
» download(186 KB)
Players
team 1 (winner)
SakuraGGL (
pink | 118 APM | 2138 actions | 18:08)
4 Dark Ranger
2 Silence
2 Black Arrow
4 Lich
2 Frost Nova
2 Frost Armor
3 Death Knight
2 Death Coil
1 Unholy Aura
» actions
| Assign group hotkey | 100 | |
| Basic commands | 54 | |
| Build / train | 53 | |
| Enter build submenu | 22 | |
| Enter hero's abilities submenu | 12 | |
| Give item / drop item | 3 | |
| Right click | 807 | |
| Select / deselect | 149 | |
| Select group hotkey | 891 | |
| Use ability | 47 | |
2138 total
» units
| Acolyte | 9 | |
| Ghoul | 3 | |
| Frost Wyrm | 13 | |
25 total
» upgrades
| Creature Carapace | 2 | |
| Creature Attack | 1 | |
3 total
» buildings
| Necropolis | 1 | |
| Crypt | 1 | |
| Halls of the Dead | 3 | |
| Altar of Darkness | 1 | |
| Ziggurat | 8 | |
| Graveyard | 1 | |
| Black Citadel | 3 | |
| Sacrificial Pit | 1 | |
| Boneyard | 4 | |
| Tomb of Relics | 1 | |
24 total
» build order
00:07 Necropolis
00:12 Crypt
01:45 Halls of the Dead
01:46 Halls of the Dead
01:46 Halls of the Dead
02:11 Altar of Darkness
02:27 Ziggurat
02:55 Graveyard
04:07 Black Citadel
04:07 Black Citadel
04:10 Sacrificial Pit
06:28 Boneyard
06:29 Boneyard
06:42 Ziggurat
06:43 Ziggurat
07:29 Boneyard
07:48 Ziggurat
08:46 Ziggurat
09:21 Boneyard
09:23 Ziggurat
09:40 Tomb of Relics
11:26 Ziggurat
11:27 Ziggurat
» items
| Scroll of Protection | 1 | |
| Scroll of Healing | 1 | |
2 total
STRASSENJUNGE (
yellow | 112 APM | 2027 actions | 18:10)
5 Mountain King
3 Storm Bolt
2 Bash
4 Blood Mage
2 Banish
2 Siphon Mana
» actions
| Assign group hotkey | 19 | |
| Basic commands | 145 | |
| Build / train | 53 | |
| Enter build submenu | 25 | |
| Enter hero's abilities submenu | 10 | |
| Give item / drop item | 2 | |
| Right click | 835 | |
| Select / deselect | 483 | |
| Select group hotkey | 396 | |
| Use ability | 59 | |
2027 total
» units
| Peasant | 14 | |
| Footman | 4 | |
| Gryphon Rider | 9 | |
27 total
» upgrades
| Swords | 3 | |
| Animal War Training | 1 | |
| Storm Hammers | 1 | |
| Plating | 1 | |
6 total
» buildings
| Altar of Kings | 1 | |
| Farm | 9 | |
| Barracks | 1 | |
| Scout Tower | 1 | |
| Lumber Mill | 2 | |
| Arcane Tower | 1 | |
| Arcane Vault | 1 | |
| Town Hall | 1 | |
| Keep | 2 | |
| Blacksmith | 1 | |
| Castle | 1 | |
| Gryphon Aviary | 2 | |
23 total
» build order
00:05 Altar of Kings
00:08 Farm
00:26 Barracks
00:51 Farm
01:37 Scout Tower
01:45 Lumber Mill
02:08 Arcane Tower
02:34 Arcane Vault
04:18 Farm
04:27 Town Hall
06:03 Keep
06:03 Keep
06:05 Farm
06:27 Farm
06:28 Blacksmith
07:21 Farm
08:30 Castle
08:49 Gryphon Aviary
09:11 Gryphon Aviary
10:17 Lumber Mill
12:41 Farm
14:43 Farm
15:33 Farm
» items
| Boots of Speed | 1 | |
| Staff of Teleportation | 1 | |
| Potion of Healing | 1 | |
| Scroll of Town Portal | 1 | |
| Orb of Lightning | 1 | |
5 total

»
timg4strok (
green | 128 APM | 2323 actions | 18:08)
6 Death Knight
3 Death Coil
3 Unholy Aura
4 Lich
2 Frost Nova
2 Frost Armor
» actions
| Assign group hotkey | 20 | |
| Basic commands | 61 | |
| Build / train | 52 | |
| ESC pressed | 3 | |
| Enter build submenu | 20 | |
| Enter hero's abilities submenu | 10 | |
| Give item / drop item | 4 | |
| Right click | 1066 | |
| Select / deselect | 202 | |
| Select group hotkey | 785 | |
| Use ability | 100 | |
2323 total
» units
| Acolyte | 7 | |
| Ghoul | 2 | |
| Crypt Fiend | 14 | |
| Obsidian Statue | 2 | |
25 total
» upgrades
| Creature Attack | 3 | |
| Burrow | 1 | |
| Web | 1 | |
| Creature Carapace | 1 | |
6 total
» buildings
| Graveyard | 1 | |
| Crypt | 1 | |
| Ziggurat | 9 | |
| Altar of Darkness | 1 | |
| Tomb of Relics | 1 | |
| Halls of the Dead | 1 | |
| Slaughterhouse | 1 | |
| Black Citadel | 1 | |
| Necropolis | 1 | |
| Spirit Tower | 1 | |
18 total
» build order
00:08 Graveyard
00:15 Crypt
00:47 Ziggurat
01:18 Altar of Darkness
01:54 Ziggurat
02:15 Tomb of Relics
04:12 Halls of the Dead
05:01 Ziggurat
05:02 Ziggurat
06:44 Slaughterhouse
08:09 Black Citadel
08:11 Necropolis
10:03 Ziggurat
10:14 Ziggurat
11:16 Spirit Tower
11:17 Ziggurat
11:52 Ziggurat
11:53 Ziggurat
» items
| Rod of Necromancy | 1 | |
| Scroll of Town Portal | 2 | |
| Orb of Corruption | 1 | |
| Scroll of Healing | 1 | |
| Boots of Speed | 1 | |
6 total
xXxSSJGoku_WEED (
orange | 127 APM | 2302 actions | 18:08)
4 Blademaster
2 Wind Walk
2 Critical Strike
3 Tauren Chieftain
1 Shockwave
2 Endurance Aura
3 Pandaren Brewmaster
2 Breath of Fire
1 Drunken Haze
» actions
| Assign group hotkey | 23 | |
| Basic commands | 200 | |
| Build / train | 81 | |
| ESC pressed | 4 | |
| Enter build submenu | 19 | |
| Enter hero's abilities submenu | 10 | |
| Give item / drop item | 3 | |
| Right click | 844 | |
| Select / deselect | 317 | |
| Select group hotkey | 684 | |
| Use ability | 115 | |
2302 total
» units
| Peon | 15 | |
| Grunt | 5 | |
| Troll Batrider | 17 | |
| Raider | 5 | |
42 total
» upgrades
| Berserker Strength | 1 | |
| Ensnare | 1 | |
| Armor | 1 | |
| Melee Weapons | 1 | |
| Pillage | 1 | |
| Liquid Fire | 1 | |
6 total
» buildings
| Altar of Storms | 2 | |
| Orc Burrow | 6 | |
| Barracks | 1 | |
| Voodoo Lounge | 2 | |
| Stronghold | 2 | |
| Fortress | 3 | |
| War Mill | 1 | |
| Beastiary | 4 | |
| Great Hall | 1 | |
22 total
» build order
00:06 Altar of Storms
00:08 Altar of Storms
00:18 Orc Burrow
00:49 Barracks
01:29 Orc Burrow
01:45 Voodoo Lounge
02:53 Stronghold
05:45 Orc Burrow
05:46 Fortress
05:46 Fortress
05:46 Fortress
05:51 War Mill
08:18 Beastiary
08:20 Beastiary
08:23 Orc Burrow
08:27 Great Hall
10:11 Voodoo Lounge
11:27 Beastiary
11:29 Beastiary
11:32 Orc Burrow
12:32 Orc Burrow
» items
| Healing Salve | 7 | |
| Potion of Healing | 1 | |
| Lesser Clarity Potion | 1 | |
| Boots of Speed | 1 | |
| Potion of Lesser Invulnerability | 1 | |
11 total
team 2 (loser)
bimbambo (
blue | 88 APM | 1575 actions | 17:53)
4 Shadow Hunter
1 Serpent Ward
2 Healing Wave
1 Hex
» actions
| Assign group hotkey | 45 | |
| Basic commands | 1 | |
| Build / train | 47 | |
| Enter build submenu | 17 | |
| Enter hero's abilities submenu | 4 | |
| Remove unit from queue | 2 | |
| Right click | 776 | |
| Select / deselect | 161 | |
| Select group hotkey | 468 | |
| Use ability | 54 | |
1575 total
» units
| Peon | 15 | |
| Wind Rider | 8 | |
| Troll Batrider | 13 | |
36 total
» upgrades
» buildings
| Altar of Storms | 1 | |
| Orc Burrow | 7 | |
| Stronghold | 1 | |
| Beastiary | 3 | |
| Voodoo Lounge | 1 | |
| Great Hall | 1 | |
| War Mill | 1 | |
15 total
» build order
00:19 Altar of Storms
00:40 Orc Burrow
02:32 Stronghold
04:41 Orc Burrow
04:44 Orc Burrow
05:22 Beastiary
05:24 Beastiary
05:28 Beastiary
06:03 Orc Burrow
06:04 Orc Burrow
07:12 Voodoo Lounge
09:10 Orc Burrow
10:05 Great Hall
10:13 Orc Burrow
10:36 War Mill
» items
| Potion of Lesser Invulnerability | 1 | |
| Scroll of Town Portal | 1 | |
2 total
coLa-wHisKy] (
teal | 108 APM | 1844 actions | 17:04)
4 Shadow Hunter
2 Serpent Ward
2 Healing Wave
» actions
| Assign group hotkey | 16 | |
| Basic commands | 28 | |
| Build / train | 50 | |
| Enter build submenu | 16 | |
| Enter hero's abilities submenu | 4 | |
| Give item / drop item | 2 | |
| Remove unit from queue | 2 | |
| Right click | 331 | |
| Select / deselect | 125 | |
| Select group hotkey | 1220 | |
| Use ability | 50 | |
1844 total
» units
| Peon | 7 | |
| Wind Rider | 7 | |
| Troll Batrider | 16 | |
30 total
» upgrades
| Ranged Weapons | 2 | |
| Armor | 1 | |
| Envenomed Spears | 1 | |
4 total
» buildings
| Orc Burrow | 7 | |
| Stronghold | 4 | |
| Altar of Storms | 1 | |
| Voodoo Lounge | 1 | |
| Fortress | 1 | |
| Beastiary | 2 | |
| War Mill | 1 | |
17 total
» build order
01:43 Orc Burrow
02:25 Stronghold
02:26 Stronghold
02:26 Stronghold
02:47 Altar of Storms
03:24 Orc Burrow
03:55 Voodoo Lounge
04:59 Fortress
05:09 Beastiary
06:03 Beastiary
06:09 Orc Burrow
06:43 War Mill
07:24 Orc Burrow
07:27 Orc Burrow
10:13 Fortress
11:49 Orc Burrow
11:51 Orc Burrow
» items
Firesailor (
red | 77 APM | 1373 actions | 17:48)
3 Mountain King
2 Storm Bolt
1 Bash
1 Paladin
1 Holy Light
» actions
| Assign group hotkey | 27 | |
| Basic commands | 18 | |
| Build / train | 58 | |
| Enter build submenu | 18 | |
| Enter hero's abilities submenu | 4 | |
| Remove unit from queue | 1 | |
| Right click | 480 | |
| Select / deselect | 225 | |
| Select group hotkey | 504 | |
| Use ability | 38 | |
1373 total
» units
| Peasant | 18 | |
| Footman | 8 | |
| Flying Machine | 3 | |
| Siege Engine | 3 | |
| Mortar Team | 2 | |
34 total
» upgrades
| Lumber Harvesting | 1 | |
| Gunpowder | 4 | |
| Plating | 3 | |
| Flare | 1 | |
| Flak Cannons | 1 | |
| Fragmentation Shards | 1 | |
| Barrage | 1 | |
| Flying Machine Bombs | 1 | |
13 total
» buildings
| Altar of Kings | 1 | |
| Barracks | 1 | |
| Farm | 10 | |
| Keep | 1 | |
| Lumber Mill | 1 | |
| Town Hall | 1 | |
| Arcane Vault | 1 | |
| Blacksmith | 1 | |
| Castle | 1 | |
| Workshop | 4 | |
22 total
» build order
00:08 Altar of Kings
00:21 Barracks
00:35 Farm
00:36 Farm
01:28 Farm
02:07 Farm
04:26 Keep
05:20 Lumber Mill
05:27 Town Hall
06:05 Arcane Vault
06:09 Blacksmith
07:30 Castle
07:36 Workshop
07:37 Workshop
07:39 Workshop
07:40 Workshop
07:42 Farm
08:33 Farm
08:33 Farm
08:34 Farm
08:36 Farm
08:36 Farm
» items
| Dust of Appearance | 1 | |
| Lesser Clarity Potion | 1 | |
2 total
t03w (
purple | 91 APM | 1645 actions | 18:07)
4 Keeper of the Grove
2 Entangling Roots
2 Thorns Aura
» actions
| Assign group hotkey | 28 | |
| Basic commands | 1 | |
| Build / train | 49 | |
| Enter build submenu | 14 | |
| Enter hero's abilities submenu | 4 | |
| Remove unit from queue | 1 | |
| Right click | 636 | |
| Select / deselect | 150 | |
| Select group hotkey | 728 | |
| Use ability | 34 | |
1645 total
» units
| Wisp | 16 | |
| Hippogryph | 10 | |
| Chimaera | 4 | |
30 total
» upgrades
| Ultravision | 1 | |
| Strength of the Wild | 2 | |
| Corrosive Breath | 1 | |
| Reinforced Hides | 3 | |
7 total
» buildings
| Altar of Elders | 1 | |
| Moon Well | 6 | |
| Tree of Ages | 1 | |
| Hunter's Hall | 1 | |
| Ancient of Wind | 2 | |
| Tree of Eternity | 1 | |
| Ancient of Wonders | 1 | |
| Chimaera Roost | 2 | |
| Tree of Life | 1 | |
16 total
» build order
00:08 Altar of Elders
00:19 Moon Well
01:59 Tree of Ages
02:11 Hunter's Hall
04:25 Ancient of Wind
04:27 Ancient of Wind
04:29 Moon Well
05:30 Tree of Eternity
05:32 Moon Well
05:40 Ancient of Wonders
07:33 Moon Well
07:37 Moon Well
08:26 Chimaera Roost
08:30 Chimaera Roost
10:09 Tree of Life
11:07 Moon Well
» items
| Boots of Speed | 1 | |
| Periapt of Vitality | 1 | |
| Potion of Healing | 2 | |
4 total
Chat log
(00:30 / All) STRASSENJUNGE: gl hf
(00:30 / All) STRASSENJUNGE: Usa
(00:34 / All) xXxSSJGoku_WEED: gg gg
(00:49 / Allies) timg4strok: YO NAD
(00:53 / Allies) timg4strok: YOU JUST IN TIME FOR BONG RIPS 101
(00:54 / Allies) xXxSSJGoku_WEED: SUP
(00:56 / Allies) timg4strok: IM YO PROFESSOR
(01:33 / Allies) STRASSENJUNGE: timg hittin da bong like a b1tch
(01:48 / Allies) timg4strok: - straight edge talons
(01:50 / Allies) STRASSENJUNGE: xxxx
(01:57 / Allies) SakuraGGL: go play some l4d2 talons
(02:02 / Allies) STRASSENJUNGE: sorry winning 1000 dollars
(02:04 / Allies) STRASSENJUNGE: in cash prizes
(02:05 / Allies) SakuraGGL: get high off exhiliration
(02:18 / Allies) timg4strok: yo
(02:21 / Allies) timg4strok: 1000 dollars lot of pot